 Dungeon Crawl Stone Soup version 0.30.1-11-g7821555f0a (webtiles) character file.

Game seed: 16709992807969780036

44 Nonny the Trooper (level 3, -1/29 HPs)
             Began as a Merfolk Fighter on Dec 2, 2023.
             Slain by a goblin
             ... wielding a +0 club
             ... led by Robin
              (3 damage)
             ... on level 3 of the Dungeon.
             The game lasted 00:03:22 (1243 turns).

Nonny the Trooper (Merfolk Fighter)                 Turns: 1243, Time: 00:03:22

Health: -1/29      AC:  6    Str: 16    XL:     3   Next: 62%
Magic:  3/3        EV:  9    Int:  7    God:
Gold:   105        SH:  5    Dex: 15    Spells: 2/2 levels left

rFire   . . .        a - +0 long sword
rCold   . . .        c - +0 buckler
rNeg    . . .        b - +0 scale mail
rPois   .            (no helmet)
rElec   .            (no cloak)
rCorr   .            (no gloves)
SInv    .            (no boots)
Will    .....        (no amulet) Stlth
                     (no ring)
HPRegen 0.24/turn    (no ring)
MPRegen 0.08/turn

%: no passive effects
@: no status effects
A: (nimble swimmer 2), mertail
a: no special abilities


You were on level 3 of the Dungeon.
You visited 1 branch of the dungeon, and saw 3 of its levels.

You collected 105 gold pieces.

Inventory:

Hand Weapons
 a - a +0 long sword (weapon)
Missiles
 f - 17 stones (quivered)
Armour
 b - a +0 scale mail (worn)
 c - a +0 buckler (worn)
Scrolls
 e - a scroll of fog {unknown}
 j - a scroll of fear {unknown}
Potions
 d - a potion of might
 g - a potion of curing {unknown}
 h - a potion of berserk rage {unknown}
 i - a potion of lignification {unknown}
 k - a potion of invisibility {unknown}


   Skills:
 + Level 3.6 Fighting
 + Level 3.3 Long Blades
 - Level 2.1 Armour
 + Level 0.6 Dodging
 * Level 1.3 Stealth
 + Level 3.4 Shields


You had 2 spell levels left.
You didn't know any spells.
Your spell library contained the following spells:

 Spells                   Type           Power      Damage    Failure   Level
 Poisonous Vapours        Pois/Air       0%         N/A       97%         2
 Mephitic Cloud           Conj/Pois/Air  0%         N/A       100%        3
 Freezing Cloud           Conj/Ice/Air   0%         6-21      100%        5


Dungeon Overview and Level Annotations

Branches:
Dungeon (3/15)

Altars:

Annotations:
D:3 Robin


Innate Abilities, Weirdness & Mutations

((You are very nimble when in or above water. (Stealth+, EV+, Speed+++)))
Your lower body shifts to a powerful aquatic tail in water.


Message History

The goblin hits you with a +0 dagger.
A goblin comes into view. It is wielding a +0 dagger.
Robin throws the goblin at you! The hobgoblin hits you.
Robin roars a battlecry!
The goblin goes into a battle-frenzy!
The goblin barely misses you.
Things that are here:
a +0 club; a +0 dagger; a goblin corpse Unknown command.
You closely miss the goblin.
The hobgoblin no longer looks unusually strong. x2
The goblin no longer looks unusually strong.
The goblin barely misses you. The hobgoblin hits you.
Robin hits you with a +0 short sword.
* * * LOW HITPOINT WARNING * * *
The goblin completely misses you.
You are too injured to fight recklessly!
Okay, then.
You hit the goblin.
The goblin is severely wounded.
The goblin barely misses you.
The hobgoblin hits you but does no damage.
Robin zaps a wand.
The bolt of dispelling energy misses you.
You block the goblin's attack.
You closely miss the goblin.
The goblin is severely wounded.
The goblin completely misses you.
The hobgoblin hits you but does no damage.
Robin roars a battlecry!
The goblins go into a battle-frenzy!
The goblin hits you with a +0 club.
* * * LOW HITPOINT WARNING * * *
You slash the goblin!
You kill the goblin!
The goblin barely misses you. Robin closely misses you. The hobgoblin hits you.
* * * LOW HITPOINT WARNING * * *
The goblin hits you with a +0 club.
You die...

......#.####....####
.###.##........## #.
######.### # #.# #.#
#.##########
#)##.......#
#)##.......#
##@##.......#g
#ggg#....g....
#.ggg..g.gg.#
#...#.......#
#####.......#
#########


You could see Robin, 2 hobgoblins and 3 goblins.

Vanquished Creatures
  3 dart slugs (D:1)
  3 endoplasms
  3 giant cockroaches (D:1)
  7 goblins
  6 hobgoblins (D:1)
  2 jackals (D:1)
  A quokka (D:1)
  2 ball pythons (D:1)
  2 bats (D:1)
  A frilled lizard (D:1)
  A kobold (D:1)
  4 rats (D:1)
35 creatures vanquished.

Notes
Turn   | Place    | Note
-------+----------+-------------------------------------------
     0 | D:1      | Nonny the Merfolk Fighter began the quest for the Orb.
     0 | D:1      | Reached XP level 1. HP: 18/18 MP: 1/1
   112 | D:1      | Reached skill level 1 in Stealth
   112 | D:1      | Reached XP level 2. HP: 19/24 MP: 2/2
   554 | D:1      | Reached XP level 3. HP: 25/29 MP: 3/3
  1218 | D:3      | Noticed Robin
  1243 | D:3      | Slain by a goblin

Illustrated notes

Levels and vault maps discovered:
D:1:      dpeg_arrival_orchard, layout_basic
D:2:      cheibrodos_greedy_goblins, layout_basic, uniq_sigmund
D:3:      layout_loops_corners, shapermc_ecumenical_altar_starsandcircs,
          uniq_robin

Skill      XL: |  1  2 |
---------------+-------+-----
Stealth        | 1 |  1.3
Long Blades    | 3 |  3.3
Fighting       | |  3.6
Armour         | |  2.1
Dodging        | |  0.6
Shields        | |  3.4

Action                     || total
---------------------------++-------
  Melee: Long sword        ||   107
 Armour: Scale mail        ||    56
  Dodge: Dodged            ||    53
  Block: Buckler           ||    27
